woodfighter, neutral female human Wizard ---- |... |<| |.| |.| |.| |.| |.| |.--- |*..| |--.------- & |.|.......|.| & |.-------.|.| |.....|...|.| |.|.---.---.------- |.|.|...|........H| OJ |.---.---.-------wY-DX. |.........|n ..%.T@X.. ----------- --------- woodfighter the Enchantress Experience level: 16 Strength: 18/46 Dexterity: 13 Constitution: 17 Intelligence: 16 Wisdom: 19 Charisma: 8 Health: 0(107) Energy: 109(225) Def: 29 Gold: 0 Moves: 38382 Dungeon seed: V1NwWvpO22a6TXgf Game ID: woodfighter_1454538713 Your Inventory: Amulets g - the blessed Eye of the Aethiopica (being worn) Weapons a - the blessed rustproof +5 Magicbane (weapon in hand) Armor n - an uncursed +0 pair of leather gloves (being worn) r - an uncursed burnt +0 pair of low boots (being worn) y - a blessed greased +4 silver dragon scale mail (being worn) z - an uncursed +0 elven leather helm (being worn) N - an uncursed +0 cloak of displacement (being worn) S - a blessed +2 Hawaiian shirt (being worn) Comestibles o - 3 uncursed lizard corpses Rings B - an uncursed +2 ring of protection (on right hand) V - an uncursed ring of slow digestion (on left hand) Wands x - a wand of light (0:12) Tools c - an uncursed skeleton key j - an uncursed stethoscope q - a -4 unicorn horn s - a blessed bag of holding t - an uncursed towel u - an uncursed bugle A - a +0 pick-axe U - an uncursed magic lamp (lit) Gems Y - a blessed luckstone Contents of the bag of holding: 184 gold pieces a cursed amulet of ESP an uncursed amulet of reflection an uncursed +0 mummy wrapping 2 uncursed cloves of garlic an uncursed cram ration 3 uncursed food rations 2 uncursed fortune cookies an uncursed lizard corpse an uncursed pancake 2 uncursed pizzas 2 uncursed sprigs of wolfsbane an uncursed tin of rothe meat an uncursed tripe ration an uncursed scroll of create monster an uncursed scroll of fire an uncursed scroll of teleportation an uncursed potion of blindness an uncursed ring of conflict an uncursed ring of conflict a cursed -1 ring of increase accuracy an uncursed ring of levitation an uncursed ring of poison resistance a wand of create monster (0:13) a wand of death (0:6) a wand of digging (0:8) a wand of digging (0:7) a wand of light (0:11) a wand of sleep (0:8) a wand of teleportation (0:6) a +0 unicorn horn Spells and supernatural/magical abilities: Name Level Category Fail Memory a - force bolt 1 attack 0% 10% c - cause fear 3 enchantment 0% 10% d - dig 5 matter 84% 42% f - fireball 4 attack 0% 32% h - healing 1 healing 0% 10% i - invisibility 4* escape 99% 0% k - knock 1 matter 0% 32% l - light 1 divination 0% 42% m - magic missile 2 attack 0% 57% n - detect monsters 1 divination 0% 10% o - cone of cold 4 attack 0% 68% p - protection 1 clerical 0% 32% r - remove curse 3 clerical 0% 87% s - slow monster 2 enchantment 0% 87% u - confuse monster 2 enchantment 0% 10% x - extra healing 3 healing 0% 32% z - sleep 1 enchantment 0% 10% B - cure blindness 2 healing 0% 32% E - detect food 2 divination 0% 78% G - detect treasure 4 divination 0% 42% K - cure sickness 3 healing 0% 61% L - levitation 4 escape 99% 10% O - create monster 2* clerical 0% 0% R - restore ability 4 healing 0% 32% W - pray for help -- divine ? -- Your skills at the end: Miscellaneous Skills wands [Basic] Weapon Skills dagger [Basic] quarterstaff [Basic] Spellcasting Skills attack spells [Expert] healing spells [Basic] divination spells [Skilled] enchantment spells [Basic] clerical spells [Basic] matter spells [Basic] Final Attributes: You were piously aligned. You were fire resistant. You were cold resistant. You were sleep resistant. You were shock resistant. You were poison resistant. You were magic-protected. You saw invisible. You were telepathic. You were warned. You were invisible to others. You were displaced. You were stealthy. You had slower digestion. You were protected. You were fast. You had reflection. You were extremely lucky. You had extra luck. Good luck did not time out for you. You are dead. Vanquished creatures: Medusa Croesus a titan a deep ettin a glass golem a purple worm 2 gray dragons a red dragon a white dragon 2 orange dragons a black dragon a blue dragon a green dragon a yellow dragon 7 minotaurs The Dark One 2 baluchitheria an Angel 2 stone golems 3 titanotheres 3 trappers 8 vampire lords 2 captains 2 liches 2 water trolls 3 clay golems 4 nurses 3 lurkers above 6 frost giants 2 black puddings 6 vampires 20 ghosts 3 ettins 7 lieutenants a watch captain 4 winged gargoyles a mind flayer 4 giant mimics 9 fire giants 4 ogre kings an ice troll 2 rock trolls 6 umber hulks 2 flesh golems an Elvenking a doppelganger 3 hezrous a bone devil a salamander 4 large mimics 3 long worms 7 stalkers an air elemental 3 fire elementals 3 earth elementals 2 water elementals 2 hill giants 3 giant mummies 3 black nagas 2 xorns 8 giant zombies 17 elf-lords 25 sergeants a barbed devil 2 vrocks 13 wargs 3 winter wolves 7 small mimics 2 island nymphs 2 glass piercers a warhorse 4 xans an ettin mummy an ogre lord 4 quantum mechanics 20 trolls a sasquatch 2 wood golems 4 mariliths 4 sharks 3 pyrolisks a large dog 7 freezing spheres 6 flaming spheres 6 shocking spheres 2 large cats 8 tigers a dwarf king 14 tengu 2 gelatinous cubes 5 ochre jellies a chameleon 2 crocodiles 3 leocrottas 2 energy vortices 3 mountain centaurs 9 giants 4 elf mummies 3 human mummies a red naga 4 pit vipers 3 pythons 2 cobras 42 wraiths 15 ettin zombies 3 leather golems 9 Grey-elves 111 soldiers a watchman 3 succubi 3 incubi 7 giant beetles 12 cockatrices 8 wolves 13 winter wolf cubs 3 lynxes 2 panthers 7 gremlins 103 leprechauns 5 quivering blobs 2 spotted jellies 16 lizards 4 mountain nymphs 5 orc-captains 5 mumakil 10 giant spiders 4 scorpions 3 iron piercers 3 horses 3 ice vortices 4 black lights 70 vampire bats 7 forest centaurs 5 gnome kings 4 orc mummies 5 dwarf mummies an ogre 6 brown puddings 9 rust monsters 10 owlbears 7 yetis a gold golem 3 werewolves 18 Green-elves 14 giant eels 2 chickatrices 2 dogs 3 housecats 6 jaguars 6 dwarf lords 2 blue jellies 4 water nymphs 4 white unicorns 2 black unicorns 2 dust vortices 9 ravens 10 plains centaurs a gnome mummy 6 snakes a water moccasin 8 apes 16 human zombies 3 rope golems 5 Woodland-elves 2 soldier ants 10 fire ants 22 bugbears 5 imps 4 wood nymphs 29 Mordor orcs 12 Uruk-hai 5 orc shamans 6 rock moles 10 rock piercers 7 fog clouds 9 yellow lights 4 shriekers 4 violet fungi 18 gnome lords 8 gnomish wizards 8 kobold mummies a red naga hatchling 9 gray oozes 3 barrow wights 8 elf zombies 10 ghouls 3 straw golems 5 paper golems 3 jellyfish 26 giant ants 7 little dogs 9 floating eyes 2 kittens 26 dwarves 6 homunculi 6 kobold lords 2 kobold shamans 14 iguanas 58 hill orcs 22 rothes 5 rabid rats 2 centipedes 11 giant bats 3 monkeys 25 orc zombies 12 dwarf zombies 7 wererats a werejackal 34 killer bees 5 coyotes 8 gas spores 15 hobbits 4 acid blobs 4 large kobolds 10 geckos 33 hobgoblins 8 giant rats 8 cave spiders 2 brown molds 2 yellow molds a green mold 4 red molds 67 gnomes 4 garter snakes 13 manes 11 gnome zombies 6 jackals 3 foxes 2 kobolds 8 newts 10 goblins 7 sewer rats 9 grid bugs 4 bats 9 lichens 13 kobold zombies 1802 creatures vanquished. Genocided species: hobbits dwarves bugbears dwarf lords dwarf kings mind flayers master mind flayers liches demiliches master liches arch-liches 11 species genocided. Voluntary challenges: You had been an atheist until turn 8506. You used a wielded weapon 643 times, starting on turn 49. You read items or engraved 239 times, starting on turn 7294. You genocided 11 types of monsters, starting on turn 35369. You never polymorphed an object. You never changed form. You completed Sokoban on turn 10778, according to the rules. You used 1 wish, starting on turn 8935. You did not wish for any artifacts. You split 1 pudding, starting on turn 25928. You never wrote Elbereth's name. You violated your moral code, losing 37 points of alignment, starting on turn 1913. Dungeon overview: The Dungeons of Doom: levels 1 to 27 Level 1 a sink a long staircase Level 2 a scroll shop Level 3 a fountain stairs to The Gnomish Mines Level 4 a fountain, a sink Level 5 (stash + Demonbane) an armor shop Level 6 some fountains Level 7 (leprechaun hall) some fountains Level 8 (Valerian) many fountains Level 9 stairs to Sokoban Level 10 Level 11 (open water) Level 12 a fountain Level 13 an altar to Thoth Level 14 some fountains portal to The Quest Level 15 (Rogue) Level 16 some fountains portal to Fort Ludios Level 17 a sink, a throne Level 18 (stash) a general store, some fountains Level 19 a fountain Level 20 Level 21 (Medusa) Level 22 Level 23 Level 24 Level 25 Level 26 a fountain Level 27 (castle) a magic chest, a throne Gehennom: levels 28 to 31 Level 28 a temple to Moloch, a magic chest stairs to The Dungeons of Doom Level 29 Level 30 Level 31 (Asmodeus) <- You were here The Gnomish Mines: levels 4 to 11 Level 4 stairs to The Dungeons of Doom Level 5 Level 6 (minetown + sting) many shops, a temple to Thoth, a magic chest, some fountains Level 7 Level 8 Level 9 Level 10 Level 11 a magic chest, a fountain The Quest: levels 1 to 5 Level 1 a magic chest, a throne portal to The Dungeons of Doom Level 2 Level 3 Level 4 Level 5 a temple to Ptah Sokoban: levels 5 to 8 Level 5 a magic chest Level 6 Level 7 Level 8 a magic chest stairs to The Dungeons of Doom Fort Ludios: Level 1 a magic chest, a throne portal to The Dungeons of Doom History has recorded: On T:1 you entered the Dungeons of Doom to retrieve the Amulet of Yendor! On T:129 you reached level 2 of The Dungeons of Doom. On T:538 you reached level 3 of The Dungeons of Doom. On T:632 you advanced to experience level 2. On T:965 you reached level 1 of The Gnomish Mines. On T:966 you advanced to experience level 3. On T:1285 you reached level 4 of The Dungeons of Doom. On T:1461 you reached level 5 of The Dungeons of Doom. On T:1603 you advanced to experience level 4. On T:1716 you reached level 6 of The Dungeons of Doom. On T:2161 you advanced to experience level 5. On T:2374 you reached level 7 of The Dungeons of Doom. On T:2525 you advanced to experience level 6. On T:2991 you reached level 8 of The Dungeons of Doom. On T:3375 you reached level 9 of The Dungeons of Doom. On T:3587 you advanced to experience level 7. On T:4320 you reached level 4 of Sokoban. On T:4485 you opened a magic chest. On T:4486 you opened a magic chest. On T:4487 you opened a magic chest. On T:4647 you reached level 3 of Sokoban. On T:5512 you reached level 2 of Sokoban. On T:6257 you reached level 1 of Sokoban. On T:6332 you advanced to experience level 8. On T:7352 you opened a magic chest. On T:7353 you opened a magic chest. On T:7489 you opened a magic chest. On T:7847 you reached level 2 of The Gnomish Mines. On T:8470 you reached level 3 of The Gnomish Mines. On T:8498 you entered the Minetown temple On T:8752 you opened a magic chest. On T:8849 you opened a magic chest. On T:8931 you opened a magic chest. On T:8935 you wished for "+3 greased fixed silver dragon scale mail". On T:9109 you opened a magic chest. On T:9110 you opened a magic chest. On T:9110 you opened a magic chest. On T:9170 you opened a magic chest. On T:9193 you opened a magic chest. On T:9261 you opened a magic chest. On T:9266 you opened a magic chest. On T:9267 you opened a magic chest. On T:9268 you opened a magic chest. On T:9277 you opened a magic chest. On T:9312 you opened a magic chest. On T:9313 you opened a magic chest. On T:9313 you opened a magic chest. On T:9313 you opened a magic chest. On T:9349 you opened a magic chest. On T:9354 you opened a magic chest. On T:9360 you opened a magic chest. On T:9469 you advanced to experience level 9. On T:9496 you reached level 4 of The Gnomish Mines. On T:10005 you opened a magic chest. On T:10021 you opened a magic chest. On T:10025 you opened a magic chest. On T:10102 you opened a magic chest. On T:10103 you opened a magic chest. On T:10114 you opened a magic chest. On T:10778 you advanced to experience level 10. On T:10778 you entered the Sokoban zoo. On T:10830 you opened a magic chest. On T:10830 you opened a magic chest. On T:10832 you opened a magic chest. On T:10996 you opened a magic chest. On T:10999 you opened a magic chest. On T:11691 you opened a magic chest. On T:11692 you opened a magic chest. On T:11693 you opened a magic chest. On T:11693 you opened a magic chest. On T:11717 you opened a magic chest. On T:11717 you opened a magic chest. On T:11718 you opened a magic chest. On T:11748 you opened a magic chest. On T:11937 you reached level 5 of The Gnomish Mines. On T:12085 you reached level 6 of The Gnomish Mines. On T:12566 you reached level 7 of The Gnomish Mines. On T:12723 you reached level 8 of The Gnomish Mines. On T:12723 you reached the bottom of the Mines. On T:13062 you opened a magic chest. On T:13063 you opened a magic chest. On T:13064 you opened a magic chest. On T:13064 you opened a magic chest. On T:13068 you opened a magic chest. On T:13069 you opened a magic chest. On T:13771 you opened a magic chest. On T:13771 you opened a magic chest. On T:13771 you opened a magic chest. On T:13802 you opened a magic chest. On T:13803 you opened a magic chest. On T:13804 you opened a magic chest. On T:13824 you opened a magic chest. On T:13828 you opened a magic chest. On T:13829 you opened a magic chest. On T:13831 you opened a magic chest. On T:14592 you opened a magic chest. On T:14592 you opened a magic chest. On T:14611 you opened a magic chest. On T:14705 you reached level 10 of The Dungeons of Doom. On T:14943 you advanced to experience level 11. On T:15039 you reached level 11 of The Dungeons of Doom. On T:15496 you reached level 12 of The Dungeons of Doom. On T:15630 you reached level 13 of The Dungeons of Doom. On T:16144 you reached level 14 of The Dungeons of Doom. On T:16331 you received Magicbane from Thoth. On T:16509 you reached level 1 of The Quest. On T:16608 you reached level 15 of The Dungeons of Doom. On T:17015 you opened a magic chest. On T:17017 you opened a magic chest. On T:17023 you opened a magic chest. On T:17023 you opened a magic chest. On T:17024 you opened a magic chest. On T:17029 you opened a magic chest. On T:17029 you opened a magic chest. On T:17054 you opened a magic chest. On T:17055 you advanced to experience level 12. On T:17114 you opened a magic chest. On T:17115 you opened a magic chest. On T:17314 you opened a magic chest. On T:17315 you opened a magic chest. On T:17358 you opened a magic chest. On T:17362 you opened a magic chest. On T:17366 you opened a magic chest. On T:17367 you opened a magic chest. On T:17367 you opened a magic chest. On T:17368 you opened a magic chest. On T:17371 you opened a magic chest. On T:17375 you opened a magic chest. On T:17409 you opened a magic chest. On T:17712 you opened a magic chest. On T:17712 you opened a magic chest. On T:18405 you reached level 16 of The Dungeons of Doom. On T:18722 you reached level 17 of The Dungeons of Doom. On T:19304 you reached level 18 of The Dungeons of Doom. On T:19749 you reached level 19 of The Dungeons of Doom. On T:20074 you reached level 20 of The Dungeons of Doom. On T:20342 you opened a magic chest. On T:20351 you opened a magic chest. On T:20352 you opened a magic chest. On T:20377 you opened a magic chest. On T:20378 you opened a magic chest. On T:20381 you opened a magic chest. On T:20382 you opened a magic chest. On T:20382 you opened a magic chest. On T:20410 you opened a magic chest. On T:20890 you reached level 21 of The Dungeons of Doom. On T:21522 you killed Medusa on level 21 of The Dungeons of Doom. On T:21569 you reached level 22 of The Dungeons of Doom. On T:21866 you reached level 23 of The Dungeons of Doom. On T:22541 you reached level 24 of The Dungeons of Doom. On T:22734 you reached level 25 of The Dungeons of Doom. On T:22897 you reached level 26 of The Dungeons of Doom. On T:23109 you advanced to experience level 13. On T:23195 you advanced to experience level 14. On T:24706 you opened a magic chest. On T:24708 you opened a magic chest. On T:24711 you opened a magic chest. On T:24712 you opened a magic chest. On T:24744 you opened a magic chest. On T:24745 you opened a magic chest. On T:25235 you received Werebane from Thoth. On T:26628 you opened a magic chest. On T:26630 you opened a magic chest. On T:26631 you opened a magic chest. On T:26673 you opened a magic chest. On T:26674 you opened a magic chest. On T:26674 you opened a magic chest. On T:26675 you opened a magic chest. On T:26676 you opened a magic chest. On T:26677 you opened a magic chest. On T:26678 you opened a magic chest. On T:26678 you opened a magic chest. On T:26679 you opened a magic chest. On T:26680 you opened a magic chest. On T:26682 you opened a magic chest. On T:26998 you opened a magic chest. On T:28244 you reached Fort Ludios. On T:28915 you embarked upon an epic quest. On T:28917 you opened a magic chest. On T:28963 you reached level 2 of The Quest. On T:29003 you reached level 3 of The Quest. On T:29667 you opened a magic chest. On T:29668 you opened a magic chest. On T:29669 you opened a magic chest. On T:29671 you opened a magic chest. On T:29696 you opened a magic chest. On T:29696 you opened a magic chest. On T:29698 you opened a magic chest. On T:29991 you opened a magic chest. On T:30950 you reached level 4 of The Quest. On T:31153 you reached level 5 of The Quest. On T:31381 you killed Dark One on level 5 of The Quest. On T:31608 you completed the quest! On T:31800 you opened a magic chest. On T:31802 you opened a magic chest. On T:31820 you opened a magic chest. On T:31822 you opened a magic chest. On T:31828 you opened a magic chest. On T:31828 you opened a magic chest. On T:31831 you opened a magic chest. On T:31832 you opened a magic chest. On T:31833 you opened a magic chest. On T:31834 you opened a magic chest. On T:31835 you opened a magic chest. On T:31836 you opened a magic chest. On T:31990 you advanced to experience level 15. On T:32490 you killed Croesus in Fort Ludios. On T:32604 you opened a magic chest. On T:32605 you opened a magic chest. On T:33105 you opened a magic chest. On T:33419 you opened a magic chest. On T:33420 you opened a magic chest. On T:33421 you opened a magic chest. On T:33421 you opened a magic chest. On T:33653 you opened a magic chest. On T:33708 you opened a magic chest. On T:33916 you opened a magic chest. On T:33964 you opened a magic chest. On T:33968 you opened a magic chest. On T:33982 you reached The Castle. On T:35087 you advanced to experience level 16. On T:35364 you opened a magic chest. On T:35365 you opened a magic chest. On T:35365 you opened a magic chest. On T:35366 you opened a magic chest. On T:35409 you opened a magic chest. On T:35410 you opened a magic chest. On T:35411 you opened a magic chest. On T:35414 you opened a magic chest. On T:35792 you opened a magic chest. On T:35795 you opened a magic chest. On T:35795 you opened a magic chest. On T:35795 you opened a magic chest. On T:35798 you opened a magic chest. On T:36553 you opened a magic chest. On T:36559 you reached The Valley of the Dead. On T:36723 you opened a magic chest. On T:37333 you opened a magic chest. On T:37333 you opened a magic chest. On T:37348 you opened a magic chest. On T:37349 you opened a magic chest. On T:37351 you opened a magic chest. On T:37358 you opened a magic chest. On T:37359 you opened a magic chest. On T:37359 you opened a magic chest. On T:37385 you opened a magic chest. On T:37386 you opened a magic chest. On T:37508 you reached level 2 of Gehennom. On T:37703 you reached level 3 of Gehennom. On T:38216 you reached level 4 of Gehennom. Score breakdown: Gold: 184 ( 18 points) Experience: 16 levels ( 1500 points) Exploration: 31 levels ( 900 points) Discoveries: 119 items ( 2000 points) Variety of kills: 236 monsters ( 2000 points) Major goal: finished the Quest ( 2000 points) Survival: died (score multiplied by 3) Total score: 25254 Latest messages: H - an uncursed wand of speed monster. I - an uncursed wand of speed monster. You put a blessed scroll of teleportation into the magic chest. You put an uncursed spellbook of detect treasure into the magic chest. You put an uncursed spellbook of confuse monster into the magic chest. You put an uncursed spellbook of restore ability into the magic chest. You put an uncursed spellbook of sleep into the magic chest. You put an uncursed spellbook of levitation into the magic chest. You put an uncursed potion of object detection into the magic chest. You put an uncursed potion of full healing into the magic chest. You put a cursed potion of gain level into the magic chest. You put 2 uncursed potions of oil into the magic chest. You put a blessed potion called sickness into the magic chest. You put 3 uncursed potions of healing into the magic chest. You put an uncursed potion called hallu,blind,conf into the magic chest. You put an uncursed potion of gain level into the magic chest. You feel much better. The rock troll misses. The rock troll claws you! The rock troll misses. The yellow dragon bites! The yellow dragon claws you! (2x) The owlbear misses. (2x) The deep ettin punches you! (2x) You die... Final status: Goodbye woodfighter the Wizard, killed by a deep ettin... You died in Gehennom on dungeon level 31 with 25254 points, and 184 pieces of gold, after 38382 moves. You were level 16 with a maximum of 107 hit points when you died.